[Event "*** Titled Tuesday Blitz"]
[Site "Chess.com"]
[Date "2020.12.01"]
[Round "4"]
[White "Zmeeed63"]
[Black "hermionegrangermagic"]
[Result "1-0"]
[WhiteElo "2419"]
[BlackElo "2606"]
[TimeControl "180+1"]
[EndTime "10:38:08 PST"]
[Termination "Zmeeed63 won by resignation"]

1. d4 d5 2. c4 e6 3. Nc3 Be7 4. Nf3 Nf6 5. Bf4 O-O 6. e3 c5 7. dxc5 Bxc5 8. a3 a6 9. cxd5 exd5 10. Be2 Nc6 11. O-O d4 12. exd4 Nxd4 13. Nxd4 Bxd4 14.
Bf3 Ra7 15. Qc2 b5 16. Rad1 Qb6 17.
Ne2 Qc5 18. Nxd4 Qb6 19. Qc6 Qa5 20. Qc5 Rd7 21. Nc6 Qa4 22. Bd6 Re8 23. Ne7+ Rdxe7 24. Bxe7 Bg4 25. Bxg4 Qxg4 26. Bxf6 gxf6 27. Rd3 Qe2 28.
Rg3+ Kh8 29. Qc3 Qe6 30. h3 h5 31. Re3 Qd7 32. Qxf6+ Kh7 33. Rfe1 Rxe3 34. Rxe3 Qc7 35. Re7 Qc1+ 36. Kh2 1-0

[Event "*** Titled Tuesday Blitz"]
[Site "Chess.com"]
[Date "2020.12.01"]
[Round "4"]
[White "Lion-Al-Messi"]
[Black "TigrVShlyape"]
[Result "0-1"]
[WhiteElo "2585"]
[BlackElo "2852"]
[TimeControl "180+1"]
[EndTime "10:38:09 PST"]
[Termination "TigrVShlyape won by resignation"]

1. d4 d5 2. Nf3 Nf6 3. Nc3 c6 4. Bg5 Ne4 5. Nxe4 dxe4 6. Ng1 g6 7. c3 Bg7 8. e3 Be6 9. Ne2 f5 10. h4 h6 11. Bf4 Nd7 12. Nc1 Bf7 13. Nb3 a5 14. Nd2 e5 15. Bg3 Qe7 16. Bc4 O-O 17.
Qe2 a4 18. O-O b5 19. Bxf7+ Rxf7 20. f4 exd4 21. cxd4 c5 22. h5 gxh5 23. dxc5 Nxc5 24. Qxh5 Nd3 25. Rfd1 Nxb2 26. Rdc1 Nd3 27. Bh4 Qe6 28. Nf1 Nxc1 29. Rxc1 b4 30. Ng3 b3 31. axb3 axb3 32. Rc5 b2 33. Nxf5 b1=Q+ 34. Kh2 Ra1 35. Ne7+ Rxe7 36. Rc8+ Qxc8 37. Qd5+ 0-1

[Event "*** Titled Tuesday Blitz"]
[Site "Chess.com"]
[Date "2020.12.01"]
[Round "4"]
[White "SaqoChess_Twitch"]
[Black "igorkovalenko"]
[Result "0-1"]
[WhiteElo "2511"]
[BlackElo "2783"]
[TimeControl "180+1"]
[EndTime "10:38:09 PST"]
[Termination "igorkovalenko won by resignation"]

1. d4 Nf6 2. c4 g6 3. Nc3 Bg7 4. Nf3 d6 5. h3 c5 6. dxc5 dxc5 7. Qxd8+ Kxd8 8. Bf4 Be6 9. O-O-O+ Nbd7 10. e3 Nh5 11.
Bh2 Bxc3 12. bxc3 f6 13. g4 Ng7 14. Nd2 Kc8 15. Be2 Rd8 16. Kb2 Ne8 17. Nb3 Nc7 18. f4 b6 19. e4 Bg8 20. f5 Ne5 21. Bxe5 fxe5 22. Nc1 Ne8 23. Rd5 Bxd5 24. cxd5 Nd6 25. Bf3 c4 26. Ne2 gxf5 27. gxf5 Rg8 28. h4 Kc7 29. h5 h6 30. a4 a6 31. Ka3 a5 32.
Kb2 b5 33. axb5 Kb6 34. Ra1 a4 35. Ka3 Kc5 36. b6 Nb5+ 37. Kb2 a3+ 38. Ka2 Kxb6 39. Rb1 Kc5 40. Rc1 Rg5 41. Rb1 Rag8 42. Rxb5+ Kxb5 43. Kxa3 Rg3 44. Nxg3 Rxg3 45. Be2 Rxc3+ 46. Kb2 Re3 47.
Bg4 Rxe4 48. Bh3 Kc5 49. Kc2 Re3 50. Bg2 Re2+ 0-1

[Event "*** Titled Tuesday Blitz"]
[Site "Chess.com"]
[Date "2020.12.01"]
[Round "4"]
[White "NiranjanNavalgund"]
[Black "Supernotar"]
[Result "1/2-1/2"]
[WhiteElo "2438"]
[BlackElo "2780"]
[TimeControl "180+1"]
[EndTime "10:38:09 PST"]
[Termination "Game drawn by repetition"]

1. d4 d5 2. Nf3 Nf6 3. c4 dxc4 4. e3 e6 5. Bxc4 a6 6. O-O b5 7. Be2 Bb7 8. b3 Nbd7 9. Bb2 c5 10. dxc5 Bxc5 11.
Nbd2 O-O 12. a3 Qe7 13. b4 Bd6 14. Qb1 h6 15. Nd4 Nb6 16. Bf3 Na4 17. Rc1 Nxb2 18.
Qxb2 Rac8 19. N2b3 Bxf3 20. Nxf3 Nd5 21. Nfd4 Nb6 22. Na5 Na4 23. Qe2 Qh4 24. g3 Qf6 25. Qf3 Be5 26. Qxf6 Bxf6 27. Nac6 Nb6 28. f4 Nc4 29.
Kf2 Rc7 30. a4 Rfc8 31. axb5 axb5 32. Ra6 Kf8 33. Na7 Bxd4 34. exd4 Rb8 35. Nc6 Rbc8 36. Na7 Rb8 37. Nc6 Rbc8 38. Na7 1/2-1/2

[Event "*** Titled Tuesday Blitz"]
[Site "Chess.com"]
[Date "2020.12.01"]
[Round "4"]
[White "1977Ivan"]
[Black "woodhy"]
[Result "1-0"]
[WhiteElo "2674"]
[BlackElo "2468"]
[TimeControl "180+1"]
[EndTime "10:38:10 PST"]
[Termination "1977Ivan won by checkmate"]

1. d4 Nf6 2. Nf3 b6 3. c4 e6 4. g3 Bb7 5. Bg2 Be7 6. Nc3 O-O 7. Qc2 d5 8. cxd5 exd5 9. O-O Nbd7 10. b3 Rc8 11.
Bb2 Re8 12. e3 a6 13. Rac1 c5 14. Rfd1 c4 15. Ne5 b5 16. bxc4 bxc4 17. Rb1 Qc7 18. f4 Rb8 19. Bf3 h5 20. Qg2 Nb6 21. Rdc1 Ba8 22. h3 Qd6 23. g4 hxg4 24. hxg4 Nfd7 25.
g5 Nxe5 26. dxe5 Qc5 27. Qf2 Rbd8 28. Ne2 Qa5 29. Bd4 Na4 30. Kg2 Nc5 31. Rh1 f6 32.
gxf6 gxf6 33. Qg3+ Kf7 34. Rh7+ Ke6 35. Bg4+ f5 36.
Bxf5+ Kxf5 37. Rh5+ Ke4 38. Qg6# 1-0

[Event "*** Titled Tuesday Blitz"]
[Site "Chess.com"]
[Date "2020.12.01"]
[Round "4"]
[White "mapleaff"]
[Black "FearNoEvil12"]
[Result "1-0"]
[WhiteElo "2395"]
[BlackElo "2155"]
[TimeControl "180+1"]
[EndTime "10:38:11 PST"]
[Termination "mapleaff won by resignation"]

1. e4 a6 2. d4 b5 3. Nf3 Bb7 4. Bd3 e6 5. O-O Nf6 6. Qe2 d6 7. a4 b4 8. Nbd2 Nbd7 9. c3 bxc3 10. bxc3 h6 11. Ba3 g5 12. e5 Nd5 13. exd6 cxd6 14. g3 Rg8 15. Ne4 N7f6 16. Rab1 Rb8 17. Rxb7 Rxb7 18. Bxa6 Rb6 19. Bb5+ Nd7 20. a5 Rxb5 21. Qxb5 Qc7 22. c4 f5 23. cxd5 fxe4 24. Nd2 exd5 25.
Qxd5 Nf6 26. Qe6+ Qe7 27. Qc8+ Kf7 28. Rc1 Bg7 29. Qc4+ Kg6 30. Re1 Qd7 31. Nxe4 d5 32. Nxf6 Bxf6 33. Qd3+ Kg7 34. Bc5 Re8 35. Rb1 Re4 36. a6 Qe6 37. a7 Re1+ 38. Rxe1 Qxe1+ 39. Qf1 Qa5 40. Qb1 Qa6 41. Qb8 Qe6 42. Qb7+ Kg6 43. Qb1+ Kh5 44. a8=Q 1-0

[Event "*** Titled Tuesday Blitz"]
[Site "Chess.com"]
[Date "2020.12.01"]
[Round "4"]
[White "Savagelittlemole"]
[Black "bancsoo"]
[Result "0-1"]
[WhiteElo "2546"]
[BlackElo "2886"]
[TimeControl "180+1"]
[EndTime "10:38:12 PST"]
[Termination "bancsoo won on time"]

1. e4 e5 2. Nf3 Nc6 3. Bb5 a6 4. Ba4 Nge7 5. O-O g6 6. c3 Bg7 7. d4 exd4 8. cxd4 b5 9. Bc2 O-O 10. a3 d6 11. Nc3 Bg4 12. Be3 Bxf3 13. Qxf3 Nxd4 14. Bxd4 Bxd4 15. Rad1 Bg7 16. b4 Nc6 17. Nd5 Ne5 18. Qg3 Nc4 19. a4 c6 20. Ne3 Nxe3 21.
Qxe3 Qc7 22. Qd3 Rfd8 23. Bb3 Rab8 24. axb5 axb5 25. Rc1 c5 26. Bd5 c4 27. Qh3 Qd7 28. Qg3 Qa7 29. Kh1 Kh8 30. f4 f5 31. exf5 gxf5 32.
Qh3 Rf8 33. Rce1 Qd4 34. Be6 Qf6 35. Bd7 d5 36. Re6 Qc3 37. Qh5 Qxb4 38. Re5 Bxe5 39.
fxe5 Qe7 40. Bxf5 d4 41. e6 d3 42. Re1 d2 43. Rg1 c3 44. Be4 Qg7 0-1

[Event "*** Titled Tuesday Blitz"]
[Site "Chess.com"]
[Date "2020.12.01"]
[Round "4"]
[White "QuintilianoR"]
[Black "BigAl"]
[Result "0-1"]
[WhiteElo "2628"]
[BlackElo "2472"]
[TimeControl "180+1"]
[EndTime "10:38:13 PST"]
[Termination "BigAl won by resignation"]

1. d4 Nf6 2. c4 g6 3. Nc3 Bg7 4. e4 O-O 5. Nf3 d6 6. Be2 Bg4 7. Be3 Nbd7 8. Ng1 e5 9. d5 Bxe2 10. Ngxe2 Ng4 11. Bc1 f5 12. exf5 Qh4 13. g3 Qh3 14. Ng1 Qg2 15. Qf3 Qxf3 16. Nxf3 Rxf5 17. Nh4 Rxf2 18. h3 Raf8 19. hxg4 Nc5 20. Kd1 e4 21. Rb1 Bxc3 22. bxc3 Rxa2 23. Be3 Na4 24. Bd4 Nb2+ 25. Kc2 Nd3+ 26. Kb3 Ra6 27. Rhf1 Re8 28. Rbd1 c5 29. dxc6 bxc6 30. Ra1 Rb8+ 31. Kc2 Rb2+ 0-1

[Event "*** Titled Tuesday Blitz"]
[Site "Chess.com"]
[Date "2020.12.01"]
[Round "4"]
[White "FlamingPhoenix2910"]
[Black "ajedrezsinlimites"]
[Result "0-1"]
[WhiteElo "2862"]
[BlackElo "2474"]
[TimeControl "180+1"]
[EndTime "10:38:13 PST"]
[Termination "ajedrezsinlimites won by checkmate"]

1. e4 c6 2. Nf3 d5 3. Nc3 dxe4 4.
Nxe4 Nf6 5. Neg5 h6 6. Nxf7 Kxf7 7. Ne5+ Kg8 8. Ng6 Rh7 9. Bd3 Bg4 10. Bc4+ Nd5 11.
Qxg4 Qe8 12. O-O Nd7 13. Qe6+ Qf7 14. Qxd7 Qxg6 15. Bd3 Qe8 16. Bxh7+ Kxh7 17. Qxb7 e5 18. c3 Nf4 19. d4 Ne2+ 20. Kh1 e4 21. d5 Bd6 22. Qxc6 Qe5 23. g3 Qh5 24. f4 Nxg3+ 25. Kg1 Nxf1 26. Kxf1 Qf3+ 27. Ke1 Bxf4 28. Bxf4 Rf8 29.
Bg3 Qe3+ 30. Kd1 Qd3+ 31. Ke1 Rf1# 0-1

[Event "*** Titled Tuesday Blitz"]
[Site "Chess.com"]
[Date "2020.12.01"]
[Round "4"]
[White "Alomaterapia"]
[Black "marciojor"]
[Result "1-0"]
[WhiteElo "2437"]
[BlackElo "2246"]
[TimeControl "180+1"]
[EndTime "10:38:13 PST"]
[Termination "Alomaterapia won by checkmate"]

1. e4 e6 2. d4 d5 3. e5 c5 4. c3 Nc6 5. Nf3 Qb6 6. a3 c4 7. Nbd2 Bd7 8. Rb1 Nge7 9. b3 cxb3 10. c4 Qc7 11. Qxb3 Na5 12. Qa2 Rc8 13. c5 Nec6 14.
Bd3 Be7 15. Nf1 h6 16. Ng3 O-O 17. O-O f5 18. exf6 Bxf6 19. Be3 b6 20. cxb6 axb6 21. Rfc1 Rb8 22. Nh5 Be7 23. Ne5 Qd6 24. Ng6 Rf7 25. Nxe7+ Nxe7 26. Ng3 b5 27. a4 bxa4 28. Rxb8+ Qxb8 29.
h4 Nb3 30. Re1 Bb5 31. Bb1 Nc6 32. Qc2 Qd6 33. Qh7+ Kf8 34. Bg6 a3 35. Nh5 Qe7 36.
Qh8# 1-0

[Event "*** Titled Tuesday Blitz"]
[Site "Chess.com"]
[Date "2020.12.01"]
[Round "4"]
[White "Khnykin_Nikolay"]
[Black "Cambek64"]
[Result "0-1"]
[WhiteElo "2032"]
[BlackElo "2264"]
[TimeControl "180+1"]
[EndTime "10:38:13 PST"]
[Termination "Cambek64 won on time"]

1. e4 c5 2. d4 cxd4 3. c3 dxc3 4.
Nxc3 Nc6 5. Bc4 e6 6. Nf3 Nf6 7. O-O Qc7 8. Re1 d6 9. Bb3 a6 10. Bf4 Be7 11. e5 dxe5 12. Nxe5 Nxe5 13. Bxe5 Qa5 14.
Qf3 O-O 15. Bc2 Rd8 16. Rad1 Qb6 17. Rxd8+ Qxd8 18. Rd1 Qf8 19. Qd3 g6 20. Ne4 Nd5 21. Qh3 f5 22. Nc3 Bf6 23. Nxd5 Bxe5 24. Nb6 Rb8 25. Qh4 Bf6 26. Qf4 e5 27. Qc4+ Qf7 28. Qc5 Be6 29. h3 e4 30. Bb3 Bxb3 31. Rd7 Qe6 32.
axb3 Rd8 0-1

[Event "*** Titled Tuesday Blitz"]
[Site "Chess.com"]
[Date "2020.12.01"]
[Round "4"]
[White "Sacbutt"]
[Black "WonderChampion"]
[Result "1-0"]
[WhiteElo "2263"]
[BlackElo "2023"]
[TimeControl "180+1"]
[EndTime "10:38:13 PST"]
[Termination "Sacbutt won by resignation"]

1. d4 d5 2. c4 e6 3. Nc3 c6 4.
Nf3 dxc4 5. a4 Bb4 6. e3 Nf6 7. Bxc4 Nd5 8. Bd2 Bxc3 9. bxc3 O-O 10. O-O Nd7 11. Bd3 g6 12. e4 N5f6 13. e5 Nd5 14. c4 Nc7 15. Bg5 f6 16. exf6 Nxf6 17. Qc2 Qe7 18. Ne5 Qg7 19. Qd2 Bd7 20. Bh6 Qe7 21. Bxf8 Qxf8 22. Rab1 b6 23. Rfe1 Qe7 24. Qf4 Rf8 25. Nxg6 hxg6 26. Qxc7 Ng4 27. f3 Nf6 28.
Qg3 Qg7 29. Qxg6 Qxg6 30. Bxg6 c5 31. dxc5 bxc5 32. a5 Kg7 33. Be4 Rg8 34. Rb7 Kh6 35. Rxa7 Nxe4 36. Rxe4 Rg7 37. a6 Kh7 38. Kf2 Kg8 39.
Rc7 Rf7 40. a7 1-0

[Event "*** Titled Tuesday Blitz"]
[Site "Chess.com"]
[Date "2020.12.01"]
[Round "4"]
[White "Valeron76"]
[Black "RD4ever"]
[Result "1-0"]
[WhiteElo "2548"]
[BlackElo "2827"]
[TimeControl "180+1"]
[EndTime "10:38:14 PST"]
[Termination "Valeron76 won by resignation"]

1. e4 e6 2. d3 c5 3. Be2 Nc6 4. f4 g6 5. Nf3 Bg7 6. O-O d6 7.
c3 Nge7 8. Be3 O-O 9. Nbd2 b5 10. a3 Bb7 11. Rc1 Qd7 12. d4 cxd4 13. cxd4 a6 14. Nb3 Rac8 15. Qd2 Rfd8 16. Bd3 f5 17. e5 Nd5 18. Bf2 Ba8 19. Bh4 Nce7 20. h3 Rxc1 21. Rxc1 Rc8 22. Rxc8+ Nxc8 23. exd6 Qxd6 24. Ne5 Ndb6 25.
Qc3 Ne7 26. Qc5 Nec8 27. Qxd6 Nxd6 28. Nc5 Ndc4 29. Nxa6 Be4 30. Nc5 Bxd3 31. Ncxd3 Nd5 32. Kf2 Bh6 33. g3 Bf8 34. Ke2 Bd6 35. Nxc4 bxc4 36. Ne5 c3 37. bxc3 Nxc3+ 38. Kd3 Ne4 39. a4 Nf2+ 40. Kc4 Nxh3 41. a5 Bc7 42. a6 Bb6 43. Be7 g5 44. Bc5 1-0

[Event "*** Titled Tuesday Blitz"]
[Site "Chess.com"]
[Date "2020.12.01"]
[Round "4"]
[White "dhaessel"]
[Black "Pikachess999"]
[Result "0-1"]
[WhiteElo "1866"]
[BlackElo "2353"]
[TimeControl "180+1"]
[EndTime "10:38:14 PST"]
[Termination "Pikachess999 won by checkmate"]

1. d4 d5 2. c4 dxc4 3. e4 e5 4. Nf3 exd4 5. Bxc4 Nc6 6. O-O Be6 7. Bxe6 fxe6 8.
Qb3 Qd7 9. Qxb7 Rb8 10. Qa6 Nf6 11. e5 Nd5 12. Rd1 Bc5 13. Nbd2 O-O 14. Nb3 Bb6 15.
Qc4 Nf4 16. g3 Nh3+ 17. Kg2 Rxf3 18. Kxh3 Nxe5 19. Qe2 Rf5 20. Bf4 Ng6 21. Be3 e5 22.
f4 Rh5+ 23. Kg2 Qh3+ 24. Kg1 dxe3 25. Rd7 exf4 26. Qc4+ Kh8 27. Qe2 f3 28. Qc2 f2+ 29.
Kh1 Qxh2# 0-1

[Event "*** Titled Tuesday Blitz"]
[Site "Chess.com"]
[Date "2020.12.01"]
[Round "4"]
[White "lelya96"]
[Black "ShahMatKanal"]
[Result "0-1"]
[WhiteElo "2220"]
[BlackElo "2495"]
[TimeControl "180+1"]
[EndTime "10:38:14 PST"]
[Termination "ShahMatKanal won by checkmate"]

1. e4 c6 2. d4 d5 3. exd5 cxd5 4. Bd3 Qc7 5. c3 Nf6 6. h3 Nc6 7. Nf3 g6 8. O-O Bg7 9. Re1 O-O 10. Na3 a6 11. Nc2 Bf5 12. Be3 b5 13. Qd2 Bxd3 14.
Qxd3 Ne4 15. Nd2 f5 16. Nxe4 fxe4 17. Qd2 Na5 18. Nb4 e6 19. b3 Nc6 20. Nxc6 Qxc6 21.
Rac1 a5 22. Bh6 a4 23. Bxg7 Kxg7 24. b4 Rf5 25. Rc2 Raf8 26. Qe3 R8f6 27. Qg3 Rf4 28.
Qg5 Qd6 29. a3 h6 30. Qg3 g5 31. Ree2 Kg6 32. Kf1 Rxf2+ 33. Qxf2 Rxf2+ 34. Rxf2 Qh2 35. Ke2 Qg1 36. Ke3 Qe1+ 37. Rfe2 Qa1 38. Ra2 Qxc3+ 39. Kf2 Qxd4+ 40. Kg3 e3 41. Rac2 Qf4# 0-1

[Event "*** Titled Tuesday Blitz"]
[Site "Chess.com"]
[Date "2020.12.01"]
[Round "4"]
[White "ChristopherYoo"]
[Black "Misticpikachu"]
[Result "1-0"]
[WhiteElo "2844"]
[BlackElo "2346"]
[TimeControl "180+1"]
[EndTime "10:38:15 PST"]
[Termination "ChristopherYoo won on time"]

1. e4 c5 2. Ne2 Nc6 3. Nbc3 e6 4. g3 Nf6 5. Bg2 Be7 6. O-O O-O 7. d4 cxd4 8. Nxd4 a6 9. Nxc6 bxc6 10. e5 Nd5 11. Ne4 f5 12. exf6 Nxf6 13. Nd6 Qb6 14. c4 Qc5 15.
Nxc8 Raxc8 16. b3 d5 17. Qe2 Kh8 18. Qxe6 Rce8 19. Be3 d4 20. Bf4 Nh5 21. Be5 Bf6 22.
Bd6 Qg5 23. Qh3 Rf7 24. Bxc6 Rd8 25. Bd5 Rxd6 26. Bxf7 Nf4 27. Qc8+ Rd8 28. Qc6 h5 29. Rfe1 Nd3 30. Re8+ Rxe8 31. Qxe8+ Kh7 32. Qe4+ Kh6 33. Qxd3 h4 34. Re1 h3 35. f4 Qg4 36. Re8 g6 37. Rg8 Bg7 38. Kf2 Kh7 39. b4 Qf5 40. Qxf5 gxf5 41. Ke2 1-0

[Event "*** Titled Tuesday Blitz"]
[Site "Chess.com"]
[Date "2020.12.01"]
[Round "4"]
[White "c_r_e_e_p_e_r"]
[Black "Chessdreamer2020"]
[Result "0-1"]
[WhiteElo "2309"]
[BlackElo "2530"]
[TimeControl "180+1"]
[EndTime "10:38:15 PST"]
[Termination "Chessdreamer2020 won by checkmate"]

1. e4 d6 2. d4 Nf6 3. Nc3 e5 4. Nf3 Nbd7 5. g3 c6 6. Bg2 Be7 7. O-O b5 8. d5 Bb7 9. dxc6 Bxc6 10. Nh4 b4 11. Nd5 Nxd5 12. exd5 Bb5 13. Nf5 O-O 14. Bh6 gxh6 15. Qg4+ Bg5 16. h4 Nf6 17. Qf3 e4 18. Qd1 Bxf1 19. Bxf1 e3 20. hxg5 exf2+ 21. Kg2 hxg5 22. Qd2 Ng4 23. Be2 Ne5 24.
Rh1 Qf6 25. g4 Ng6 26. Kxf2 Nh4 27. Bd3 Nxf5 28. Bxf5 h6 29. Qxb4 Kg7 30. Qe4 Rfe8 31. Qf3 Qxb2 32. Qh3 Qd4+ 33. Kf1 Qf4+ 34. Kg2 Re2+ 35.
Kg1 Qf2# 0-1

[Event "*** Titled Tuesday Blitz"]
[Site "Chess.com"]
[Date "2020.12.01"]
[Round "4"]
[White "Sam_ChessMood"]
[Black "azikom"]
[Result "1-0"]
[WhiteElo "2832"]
[BlackElo "2626"]
[TimeControl "180+1"]
[EndTime "10:38:16 PST"]
[Termination "Sam_ChessMood won on time"]

1. d4 d5 2. c4 c6 3. Nf3 Nf6 4.
Nc3 dxc4 5. a4 Bf5 6. Ne5 e6 7. Bg5 h6 8. Bxf6 Qxf6 9. e4 Bh7 10. Bxc4 Bb4 11. O-O O-O 12. Qb3 a5 13. Na2 Qe7 14. Nxb4 axb4 15. Rfe1 Rd8 16. d5 Qd6 17. Nxf7 Kxf7 18.
e5 Qe7 19. d6 Qd7 20. f4 Bf5 21. h3 h5 22. Qf3 b5 23. axb5 Rxa1 24. Rxa1 cxb5 25. Bb3 Bg6 26. f5 1-0

[Event "*** Titled Tuesday Blitz"]
[Site "Chess.com"]
[Date "2020.12.01"]
[Round "4"]
[White "Ladislav1969"]
[Black "Quiet_Desperation"]
[Result "1-0"]
[WhiteElo "2347"]
[BlackElo "1659"]
[TimeControl "180+1"]
[EndTime "10:38:16 PST"]
[Termination "Ladislav1969 won by resignation"]

1. e4 e6 2. d4 d5 3. e5 Qd7 4. c3 b6 5. Nf3 Ba6 6. Bxa6 Nxa6 7.
O-O c5 8. Be3 Ne7 9. Nbd2 Nf5 10. Qe2 c4 11. Bf4 Nc7 12. g4 Nh6 13. h3 Ng8 14. Bg3 Ne7 15. Nh4 Ng6 16. f4 Be7 17. Ng2 O-O-O 18. f5 Nf8 19. fxe6 fxe6 20. Rf7 Ng6 21.
Rxg7 Rdg8 22. Rf7 h5 23. gxh5 Nf8 24. Bh4 Rh7 25. Rxe7 Rxe7 26. Bxe7 Qxe7 27. Nf3 Nh7 28. Kh1 Qf7 29. Nfh4 Rg3 30. Kh2 Rd3 31. Rf1 Qe7 32. Qg4 Ng5 33. Rf6 Nxh3 34. Qg8+ Kb7 35. Rf7 Qg5 36.
Qxg5 Nxg5 37. Rg7 Rh3+ 38. Kg1 Rg3 39. h6 1-0

[Event "*** Titled Tuesday Blitz"]
[Site "Chess.com"]
[Date "2020.12.01"]
[Round "4"]
[White "Ranindu2003"]
[Black "PSvidler"]
[Result "0-1"]
[WhiteElo "2605"]
[BlackElo "2864"]
[TimeControl "180+1"]
[EndTime "10:38:17 PST"]
[Termination "PSvidler won by resignation"]

1. e4 c5 2. Nf3 d6 3. d4 cxd4 4. Nxd4 Nf6 5. Nc3 a6 6. Be3 e6 7. f3 h5 8. Qd2 b5 9. O-O-O Nbd7 10. h4 Bb7 11. Kb1 Rc8 12. a3 Be7 13. Rh3 g6 14.
Bg5 d5 15. exd5 Nxd5 16. Ne4 N7f6 17. Bd3 Qb6 18. Nb3 Rd8 19. Nxf6+ Bxf6 20. Bxf6 Nxf6 21. Qc3 Ke7 22. Rhh1 Nd5 23. Qe5 Qe3 24. Rhe1 Qxe5 25. Rxe5 Nf4 26. Nc5 Bc8 27. g3 f6 28. Ree1 Nxd3 29.
Nxd3 g5 30. f4 gxh4 31. gxh4 Kf7 32. Nb4 Rxd1+ 33. Rxd1 Rg8 34. Ka2 e5 35. fxe5 fxe5 36. Nc6 Ke6 37. Re1 e4 38. Rxe4+ Kd5 39. Ne7+ Kxe4 40. Nxg8 Be6+ 0-1

[Event "*** Titled Tuesday Blitz"]
[Site "Chess.com"]
[Date "2020.12.01"]
[Round "4"]
[White "venus02"]
[Black "vanea_03"]
[Result "0-1"]
[WhiteElo "2499"]
[BlackElo "2727"]
[TimeControl "180+1"]
[EndTime "10:38:18 PST"]
[Termination "vanea_03 won by resignation"]

1. e4 e5 2. Nf3 Nc6 3. Bb5 a6 4. Ba4 Nf6 5. O-O Bc5 6. c3 b5 7. Bc2 d5 8. d4 dxe4 9. dxc5 Qxd1 10. Bxd1 exf3 11. Bxf3 e4 12. Be2 O-O 13. Bg5 h6 14. Bxf6 gxf6 15. Nd2 f5 16. Rfd1 Be6 17. g3 Rfd8 18. b3 Ne5 19. Nf1 f4 20. gxf4 Ng6 21. f5 Bxf5 22. Ne3 Be6 23. c4 Nf4 24. Bf1 b4 25.
Rxd8+ Rxd8 26. Rd1 Rxd1 27. Nxd1 Kg7 28. f3 exf3 29. Kf2 Bf5 30. Kxf3 Ne6 31. Ne3 Bb1 32. Be2 Bxa2 33. Bd1 Nxc5 34. Nd5 a5 35. Nxc7 Bxb3 36. Bxb3 Nxb3 37. Nb5 a4 38. Ke3 a3 0-1

[Event "*** Titled Tuesday Blitz"]
[Site "Chess.com"]
[Date "2020.12.01"]
[Round "4"]
[White "lacafi"]
[Black "Loy_Konstantin"]
[Result "1-0"]
[WhiteElo "2214"]
[BlackElo "2359"]
[TimeControl "180+1"]
[EndTime "10:38:18 PST"]
[Termination "lacafi won on time"]

1. d4 Nf6 2. Nf3 g6 3. c4 c5 4.
e3 Bg7 5. Be2 O-O 6. O-O cxd4 7.
exd4 d5 8. c5 Nc6 9. a3 a5 10. Nc3 b6 11. Bg5 bxc5 12. dxc5 d4 13. Nb5 e5 14. Nd6 Qc7 15. Bc4 Ba6 16. Qc2 Bxc4 17. Qxc4 h6 18. Bxf6 Bxf6 19. b4 axb4 20. axb4 Rxa1 21. Rxa1 Be7 22. b5 Na5 23. Qb4 Nb7 24.
Nxb7 Qxb7 25. Nxe5 Ra8 26. Re1 Rb8 27. Qc4 Bf8 28.
b6 Qc8 29. Qxf7+ 1-0

[Event "*** Titled Tuesday Blitz"]
[Site "Chess.com"]
[Date "2020.12.01"]
[Round "4"]
[White "MashaFromRussia"]
[Black "Srisshhhtea"]
[Result "0-1"]
[WhiteElo "2420"]
[BlackElo "2264"]
[TimeControl "180+1"]
[EndTime "10:38:19 PST"]
[Termination "Srisshhhtea won by resignation"]

1. d4 d5 2. c4 e6 3. Nf3 Be7 4. g3 Nf6 5. Bg2 O-O 6. O-O dxc4 7. Ne5 Nc6 8. Nxc6 bxc6 9. e3 Rb8 10. Qa4 c5 11.
Rd1 Bd7 12. Qxc4 Bb5 13. Qc2 c4 14. Nc3 Ba6 15. e4 h6 16. h3 Bb4 17. Be3 Qe7 18.
Qa4 Bb7 19. d5 Bxc3 20. bxc3 exd5 21. exd5 Ne4 22. Qxc4 Nxg3 23. Bc5 Qe2 24. Qxe2 Nxe2+ 25. Kf1 Nxc3 26. Bxf8 Nxd1 27. Ba3 Nc3 28. Rc1 Nxd5 29. Bxd5 Bxd5 30. Rxc7 a6 31. Ke2 Bxa2 32. Bd6 Re8+ 33. Kf3 Bd5+ 34. Kg3 Re6 35. Bf4 Rg6+ 36. Kh4 Rg2 37.
Bg3 Bf3 0-1

[Event "*** Titled Tuesday Blitz"]
[Site "Chess.com"]
[Date "2020.12.01"]
[Round "4"]
[White "kagg1125"]
[Black "Sanan_Sjugirov"]
[Result "1/2-1/2"]
[WhiteElo "2556"]
[BlackElo "2878"]
[TimeControl "180+1"]
[EndTime "10:38:24 PST"]
[Termination "Game drawn by repetition"]

1. e4 c5 2. Nf3 e6 3. g3 Nc6 4.
Bg2 Nf6 5. Nc3 d5 6. exd5 Nxd5 7. Nxd5 Qxd5 8. O-O Be7 9. d4 O-O 10. Ne5 Qxd4 11.
Nxc6 bxc6 12. Bf4 Ba6 13. Re1 Rad8 14. Qxd4 cxd4 15. Bxc6 Rc8 16. Be4 Rfd8 17. Red1 f6 18. a3 g5 19. Bd2 f5 20. Bd3 Bxd3 21. cxd3 Rc2 22. Bb4 Kf7 23. Bxe7 Kxe7 24. Rab1 Rdc8 25. Kf1 Kd6 26. h3 h5 27. a4 e5 28. b4 Ra2 29.
b5 Rcc2 30. b6 Rxf2+ 31. Kg1 Rg2+ 32. Kf1 axb6 33. Rxb6+ Kc7 34. Rdb1 f4 35. Rb7+ Kd6 36. R1b6+ Kd5 37. Rb5+ Kc6 38. R5b6+ Kc5 39. Rb5+ Kc6 40. R5b6+ Kc5 41. Rb5+ Kc6 1/2-1/2

[Event "*** Titled Tuesday Blitz"]
[Site "Chess.com"]
[Date "2020.12.01"]
[Round "4"]
[White "PenguinPacks"]
[Black "MIJuanReyesRosa"]
[Result "1-0"]
[WhiteElo "2376"]
[BlackElo "2062"]
[TimeControl "180+1"]
[EndTime "10:38:24 PST"]
[Termination "PenguinPacks won by checkmate"]

1. e4 c6 2. d4 d5 3. e5 g6 4. h4 Bg7 5. h5 f6 6. Bd3 f5 7. hxg6 hxg6 8. Rxh8 Bxh8 9. Bg5 Qb6 10. Nf3 Qxb2 11. Nbd2 Na6 12. Nb3 Nb4 13. Bc1 Qc3+ 14.
Ke2 Nxd3 15. cxd3 Qb4 16. Bd2 Qa4 17. Qh1 Bg7 18. Qh7 Kf8 19. Nh4 f4 20. Nxg6+ Kf7 21. Nxf4 Bg4+ 22. f3 Nf6 23. exf6 exf6 24. Qg6+ Kf8 25.
fxg4 Re8+ 26. Kf2 Qa3 27. Re1 Rxe1 28. Bxe1 Qxa2+ 29. Nd2 Qc2 30. Ne6+ Ke7 31. Nxg7 Qxd3 32. Qxd3 Kf7 33. Nf5 c5 34. Qe3 c4 35. Qe7+ Kg6 36.
Qg7# 1-0

[Event "*** Titled Tuesday Blitz"]
[Site "Chess.com"]
[Date "2020.12.01"]
[Round "4"]
[White "ChainsOfFantasia"]
[Black "Margency"]
[Result "1-0"]
[WhiteElo "2494"]
[BlackElo "2662"]
[TimeControl "180+1"]
[EndTime "10:38:25 PST"]
[Termination "ChainsOfFantasia won on time"]

1. d4 d5 2. Nf3 e6 3. c4 c5 4. cxd5 exd5 5. g3 Nc6 6. Bg2 Nf6 7. O-O Be7 8. dxc5 Bxc5 9. Nc3 O-O 10. Na4 Be7 11.
Be3 Re8 12. Rc1 Bg4 13. Bc5 Qd7 14. Bxe7 Qxe7 15. Nc5 Rad8 16. Re1 d4 17. Qb3 Na5 18. Qb5 b6 19. Nd3 Rd5 20. Qa6 Ne4 21. b4 Nc3 22.
Nf4 Rf5 23. bxa5 Rxa5 24. Qd3 Nxa2 25. Ra1 Nb4 26. Qc4 Rxa1 27. Rxa1 d3 28. Nxd3 Nxd3 29. exd3 Be6 30. Qc3 a5 31. h4 h6 32. Nd4 Bg4 33. Nc6 Qd6 34. d4 1-0

[Event "*** Titled Tuesday Blitz"]
[Site "Chess.com"]
[Date "2020.12.01"]
[Round "4"]
[White "Trickov"]
[Black "Aborigen_came"]
[Result "0-1"]
[WhiteElo "2342"]
[BlackElo "2736"]
[TimeControl "180+1"]
[EndTime "10:38:27 PST"]
[Termination "Aborigen_came won on time"]

1. d4 e6 2. Nf3 b6 3. g3 Bb7 4. Bg2 Nf6 5. O-O Be7 6. c4 O-O 7. Nc3 Ne4 8. d5 Nxc3 9. bxc3 Bf6 10. Nd4 Qc8 11. e4 Na6 12. f4 d6 13. Ba3 Re8 14. Qc2 Nc5 15. Rae1 e5 16. Bxc5 bxc5 17. Nf3 Ba6 18. Qa4 Rb8 19. fxe5 Bxe5 20. Nxe5 Rxe5 21. Rb1 Rb6 22. Rxb6 axb6 23. Rf5 Re7 24. Bh3 Qa8 25. Rf4 Bb7 26. Bd7 Qxa4 27. Bxa4 g5 28. Rg4 h6 29.
h4 Bc8 0-1